 Dungeon Sprint DCSS version 0.30.0-29-ga12c61a403 (webtiles) character file.

Game seed: 91756824201494472

4694 boopmooplesden the Fencer (level 10, -6/102 HPs)
             Began as a Minotaur Fighter on June 20, 2023.
             Was the Champion of Trog.
             Killed from afar by a nagaraja (11 damage)
             ... with a poison arrow
             ... in the Dungeon (Sprint VII: "The Pits").
             The game lasted 00:02:47 (1322 turns).

boopmooplesden the Fencer (Minotaur Fighter)        Turns: 1322, Time: 00:02:47

Health: -6/102     AC: 23    Str: 22    XL:     10   Next: 21%
Magic:  9/9        EV:  9    Int:  5    God:    Trog [******]
Gold:   0          SH:  7    Dex: 13    Spells: 9/9 levels left

rFire   . . .        s - +12 Maxwell's thermic engine {flame, freeze, rev}
rCold   . . .        c - +0 buckler
rNeg    . . .        t - +3 plate armour
rPois   .            (helmet restricted)
rElec   .            (no cloak)
rCorr   .            u - +0 pair of gloves
SInv    .            (no boots)
Will    .....        (no amulet) Stlth
                     q - +3 ring of evasion
HPRegen 0.37/turn    r - +3 ring of protection
MPRegen 0.11/turn

%: no teleportation
@: mighty, lethally poisoned (-6 -> -33), untranslocatable, constricted
A: horns 2, retaliatory headbutt
a: Renounce Religion, Berserk, Trog's Hand, Brothers in Arms


You were in the Dungeon.
You worshipped Trog.
Trog was exalted by your worship.
You visited 1 branch

Inventory:

Hand Weapons
 a - a +0 long sword
 k - a +2 falchion
 o - a +1 long sword of flaming
 p - a +4 falchion
 s - the +12 Maxwell's thermic engine (weapon) {flame, freeze, rev}
   (You found it in the Dungeon)
Armour
 b - a +0 scale mail
 c - a +0 buckler (worn)
 n - a +3 ring mail
 t - a +3 plate armour (worn)
 u - a +0 pair of gloves (worn)
Jewellery
 q - a +3 ring of evasion (left hand)
 r - a +3 ring of protection (right hand)
Scrolls
 j - a scroll of blinking
 m - a scroll of butterflies
Potions
 d - 2 potions of might
 e - 7 potions of curing
 f - 8 potions of heal wounds
 g - 4 potions of haste
 h - 4 potions of magic
 i - 4 potions of berserk rage
 l - 2 potions of invisibility


   Skills:
 + Level 13.8 Fighting
 + Level 17.7 Long Blades
 + Level 13.6 Armour
 + Level 5.9 Dodging
 + Level 0.8 Stealth
 + Level 12.0 Shields


You had 9 spell levels left.
You didn't know any spells.
Your spell library was empty.

Dungeon Overview and Level Annotations

Branches:
Dungeon (1/1)

Altars:
Cheibriados
Dithmenos
Elyvilon
Fedhas
Gozag
Hepliaklqana
Makhleb
Nemelex Xobeh
Okawaru
Qazlal
Ru
Sif Muna
Trog
Vehumet
Wu Jian
Xom
Yredelemnul
Zin
The Shining One
Jiyva
Lugonu

Annotations:
D Erica


Innate Abilities, Weirdness & Mutations

You have a pair of horns on your head.
You reflexively headbutt those who attack you in melee.


Message History

The nagaraja is lightly wounded.
The nagaraja spits poison at you. You block the splash of poison.
Erica the Fiery-Tempered comes into view.
She is wielding a +0 scimitar of flaming and carrying a wand of digging (7).
Erica shouts!
You slash the nagaraja! You burn the nagaraja. You freeze the nagaraja.
You headbutt the nagaraja!
The nagaraja is moderately wounded.
The nagaraja hits you with a +0 spear. The nagaraja grabs you.
The nagaraja constricts you.
You hit the nagaraja but do no damage.
The nagaraja is moderately wounded.
The nagaraja hits you with a +0 spear.
* * * LOW HITPOINT WARNING * * *
The nagaraja constricts you.
* * * LOW HITPOINT WARNING * * *
You slash the nagaraja! You burn the nagaraja.
The nagaraja is heavily wounded.
The nagaraja hits you with a +0 spear!
* * * LOW HITPOINT WARNING * * *
The nagaraja constricts you.
You hit the nagaraja. You burn the nagaraja. You freeze the nagaraja.
The nagaraja is heavily wounded.
The nagaraja hits you but does no damage.
The nagaraja constricts you.
* * * LOW HITPOINT WARNING * * *
You slice the nagaraja!! You burn the nagaraja. You freeze the nagaraja.
Your headbutt misses the nagaraja.
The nagaraja is almost dead.
A ynoxinul comes into view.
The nagaraja hits you with a +0 spear!
* * * LOW HITPOINT WARNING * * *
The nagaraja constricts you.
* * * LOW HITPOINT WARNING * * *
You feel very mighty all of a sudden.
The ynoxinul bellows!
You hear a shout!
The nagaraja points at you and mumbles some strange words.
The poison arrow hits you!
You are lethally poisoned!
You die...

...............#
.....#..#......#
...............+
...............+
.....#..#......#
...............#
##'#####''######
......##''# ########
......##..# #))@N.)#
......##..# #..#)#......
..<...##.รท##..##)##.....
......##..##.##...##...#
......##..####.....# @##
......##...##......# .#
########..).'......+ 3
########...##......#
.#....##..####.....#


You could see a nagaraja (fast), Erica and a ynoxinul.

Vanquished Creatures
  A death yak (D)
  A shadow wraith (D)
  A phantasmal warrior (D)
  A deep elf zephyrmancer (D)
  A cyclops (D)
  A smoke demon (D)
  A merfolk siren (D)
  An orange demon (D)
  A tyrant leech (D)
  A tarantella (D)
  A culicivora (shapeshifter) (D)
  A redback (D)
  A warg (D)
  An acid dragon (D)
  A floating eye (D)
  2 sky beasts (D)
  A centaur (D)
  A wolf (D)
  A kobold brigand (D)
  2 necrophages (D)
  A wight (D)
  A gnoll bouda (D)
  A hound (D)
  A jelly (D)
  An orc wizard (D)
  5 gnolls (D)
  A white imp (D)
  An adder zombie (D)
  A worm (D)
  An endoplasm (D)
  A giant cockroach (D)
  A goblin (D)
  A hobgoblin (D)
  3 jackals (D)
  2 ball python skeletons (D)
  A jackal zombie (D)
45 creatures vanquished.

Vanquished Creatures (others)
  2 gnolls (D)
2 creatures vanquished.

Grand Total: 47 creatures vanquished

Notes
Turn   | Place    | Note
-------+----------+-------------------------------------------
     0 | D        | boopmooplesden the Minotaur Fighter began the quest for the
                  | Orb.
     0 | D        | Reached XP level 1. HP: 19/19 MP: 0/0
    16 | D        | Found a bloodstained altar of Trog.
    16 | D        | Found a shimmering blue altar of Sif Muna.
    16 | D        | Found a viscous altar of Jiyva.
    16 | D        | Found a hazy altar of Hepliaklqana.
    16 | D        | Found an opulent altar of Gozag.
    17 | D        | Found a glowing golden altar of the Shining One.
    17 | D        | Found a glowing silver altar of Zin.
    17 | D        | Found a basalt altar of Yredelemnul.
    17 | D        | Found a shimmering altar of Xom.
    17 | D        | Found an ornate altar of the Wu Jian Council.
    17 | D        | Found a sacrificial altar of Ru.
    17 | D        | Found a stormy altar of Qazlal.
    17 | D        | Found an iron altar of Okawaru.
    17 | D        | Found a sparkling altar of Nemelex Xobeh.
    17 | D        | Found a burning altar of Makhleb.
    17 | D        | Found a blossoming altar of Fedhas.
    17 | D        | Found a white marble altar of Elyvilon.
    17 | D        | Found a shadowy altar of Dithmenos.
    17 | D        | Found a snail-covered altar of Cheibriados.
    18 | D        | Found a radiant altar of Vehumet.
    18 | D        | Found a corrupted altar of Lugonu.
    20 | D        | Became a worshipper of Trog the Wrathful
    58 | D        | Reached skill level 3 in Long Blades
    58 | D        | Reached XP level 2. HP: 14/28 MP: 1/1
   315 | D        | Reached * piety under Trog
   316 | D        | Reached skill level 5 in Fighting
   316 | D        | Reached skill level 5 in Armour
   316 | D        | Reached skill level 5 in Shields
   321 | D        | Noticed a floating eye
   322 | D        | Noticed a necrophage
   325 | D        | Killed a floating eye
   326 | D        | Reached skill level 5 in Long Blades
   326 | D        | Reached XP level 3. HP: 38/38 MP: 2/2
   326 | D        | Reached XP level 4. HP: 45/45 MP: 3/3
   326 | D        | Reached ** piety under Trog
   329 | D        | Killed a necrophage
   330 | D        | Reached skill level 6 in Long Blades
   330 | D        | Reached XP level 5. HP: 53/53 MP: 4/4
   399 | D        | Noticed a sky beast
   406 | D        | Reached *** piety under Trog
   417 | D        | Reached **** piety under Trog
   418 | D        | Reached skill level 7 in Long Blades
   420 | D        | Killed a sky beast
   421 | D        | Reached skill level 8 in Long Blades
   421 | D        | Reached skill level 1 in Dodging
   421 | D        | Reached XP level 6. HP: 42/63 MP: 5/5
   596 | D        | Noticed a redback
   601 | D        | Killed a redback
   602 | D        | Reached skill level 9 in Long Blades
   602 | D        | Reached skill level 10 in Armour
   602 | D        | Reached XP level 7. HP: 66/71 MP: 6/6
   619 | D        | Reached ***** piety under Trog
   624 | D        | Reached skill level 10 in Fighting
   624 | D        | Reached skill level 10 in Long Blades
   625 | D        | Received a gift from Trog
   742 | D        | Noticed an orange demon
   742 | D        | Noticed a death yak
   756 | D        | Killed a death yak
   757 | D        | Reached skill level 12 in Long Blades
   757 | D        | Reached skill level 10 in Shields
   757 | D        | Reached XP level 8. HP: 82/82 MP: 7/7
   767 | D        | Killed an orange demon
   768 | D        | Reached skill level 13 in Long Blades
   921 | D        | Found the +2 Maxwell's thermic engine {flame, freeze, rev}
  1038 | D        | Noticed a phantasmal warrior
  1053 | D        | Killed a phantasmal warrior
  1054 | D        | Reached skill level 14 in Long Blades
  1054 | D        | Reached XP level 9. HP: 89/90 MP: 8/8
  1062 | D        | Noticed a smoke demon
  1062 | D        | Noticed a tyrant leech
  1073 | D        | Reached skill level 15 in Long Blades
  1074 | D        | Killed a smoke demon
  1074 | D        | Received a gift from Trog
  1075 | D        | Reached skill level 5 in Dodging
  1078 | D        | Killed a tyrant leech
  1279 | D        | Noticed a deep elf zephyrmancer
  1280 | D        | Noticed a merfolk siren
  1283 | D        | Reached skill level 16 in Long Blades
  1284 | D        | Killed a merfolk siren
  1285 | D        | Noticed a cyclops
  1289 | D        | Killed a deep elf zephyrmancer
  1289 | D        | Received a gift from Trog
  1291 | D        | Killed a shadow wraith
  1292 | D        | Reached skill level 17 in Long Blades
  1292 | D        | Reached XP level 10. HP: 53/101 MP: 9/9
  1300 | D        | Killed a cyclops
  1300 | D        | Noticed a nagaraja
  1309 | D        | Reached ****** piety under Trog
  1309 | D        | Received a gift from Trog
  1316 | D        | Noticed Erica
  1321 | D        | HP: 5/102 [constriction (2)]
  1322 | D        | Killed from afar by a nagaraja

Illustrated notes

Levels and vault maps discovered:
D:        pitsprint [storerooms_1, entrance_room_1, metal_vault_3, armoury_1,
          mini_pit_1, grid_room_1, main_hall_1, silver_pit, the_coven_2,
          the_vestibule_1, steel_vault_5, golden_pit, hallway_of_sentries,
          crystal_vault_5, iron_vault_3, final_vault]

Skill      XL: |  1  2  3  4  5  6  7  8  9 10 |
---------------+-------------------------------+-----
Fighting       | 4 6 7 9 11 12 13 | 13.8
Armour         | 4 7 8 9 10 11 12 13 | 13.6
Shields        | 4 6 7 8 9 10 11 12 | 12.0
Long Blades    | 3 5 6 8 9 12 14 17 | 17.7
Dodging        | 1 3 4 5 |  5.9
Stealth        | |  0.8

Action                     |  1- 3 |  4- 6 |  7- 9 | 10-12 || total
---------------------------+-------+-------+-------+-------++-------
  Melee: Falchion          |    11 |     5 |       |       ||    16
         Long sword        |     2 |    27 |    28 |       ||    57
         Headbutt          |     2 |     8 |    11 |     6 ||    27
         Double sword      |       |       |    35 |    24 ||    59
 Invoke: Berserk           |     1 |       |     2 |       ||     3
    Use: Potion            |       |       |       |     1 ||     1
 Armour: Scale mail        |     3 |     1 |       |       ||     4
         Ring mail         |       |     9 |    10 |       ||    19
         Plate armour      |       |       |    13 |    16 ||    29
  Dodge: Dodged            |     3 |     8 |    13 |     3 ||    27
  Block: Buckler           |     5 |     7 |    15 |     8 ||    35
